 Dungeon Crawl Stone Soup version 0.31-a0-202-g547052bce9 (webtiles) character file.

Game seed: 11696438722446448859

188 qw the Skirmisher (level 5, -9/29 HPs)
             Began as a Deep Elf Hunter on June 26, 2023.
             Killed from afar by Blork the orc (12 damage)
             ... with a puff of frost
             ... on level 4 of the Dungeon.
             The game lasted 00:00:43 (2359 turns).

qw the Skirmisher (Deep Elf Hunter)                 Turns: 2359, Time: 00:00:44

Health: -9/29      AC:  8    Str: 10    XL:     5   Next: 39%
Magic:  16/16      EV: 12    Int: 14    God:
Gold:   127        SH:  0    Dex: 24    Spells: 4/4 levels left

rFire   . . .        Y - +0 shortbow
rCold   . . .        (shield currently unavailable)
rNeg    . . .        e - +1 ring mail
rPois   +            (helmet restricted)
rElec   .            (no cloak)
rCorr   .            (no gloves)
SInv    +            (no boots)
Will    .....        (no amulet)
Stlth   ++           c - ring of Nakuafen {MP+9 SInv}
HPRegen 0.24/turn    f - +6 ring of dexterity
MPRegen 0.15/turn

%: no passive effects
@: no status effects
A: beak, iridescent scales 1, poison resistance
a: no special abilities


You were on level 4 of the Dungeon.
You visited 1 branch of the dungeon, and saw 4 of its levels.

You collected 127 gold pieces.


Innate Abilities, Weirdness & Mutations

You have a beak for a mouth.
You are partially covered in iridescent scales. (AC +2)
Your system is resistant to poisons. (rPois)


   Skills:
 - Level 1.5 Fighting
 + Level 8.6 Ranged Weapons
 - Level 3.0 Dodging
 - Level 1.2 Stealth


You had 4 spell levels left.
You didn't know any spells.
Your spell library was empty.

Inventory:

Hand Weapons
 Y - a +0 shortbow (weapon)
Armour
 e - a +1 ring mail (worn)
Jewellery
 c - the ring of Nakuafen (left hand) {MP+9 SInv}
   (You acquired it on level 3 of the Dungeon)

   [ring of magical power]

   MP:        It affects your magic capacity (+9).
   SInv:      It lets you see invisible.
 d - a ring of protection from cold
 f - a +6 ring of dexterity (right hand)
 g - a ring of positive energy
 i - a ring of protection from fire
Scrolls
 b - a scroll of teleportation
Potions
 a - a potion of enlightenment {unknown}
 h - a potion of mutation
 m - a potion of curing

Dungeon Overview and Level Annotations

Branches:
Dungeon (4/15)
 Temple: D:4-7

Altars:
Gozag

Shops:
D:1 :

Annotations:
D:4 3 runed translucent doors, Blork the orc; qw's ghost, novice DEHu


Message History

The ball python misses you. The ball python grabs you.
The ball python constricts you.
The ball python bites you but does no damage.
The ball python constricts you.
You shoot an arrow.
The arrow hits the ball python but does no damage.
The ball python barely misses you. The ball python constricts you.
You shoot an arrow. The arrow hits the ball python!
You kill the ball python!
Blork the orc casts a spell.
Blork the orc seems to speed up.
You shoot an arrow.
The arrow hits Blork the orc but does no damage.
You shoot an arrow. The arrow hits Blork the orc.
Blork the orc is lightly wounded.
Blork the orc gestures at you while chanting.
The puff of flame hits you.
The white imp disappears for a moment.
You shoot an arrow. The arrow hits Blork the orc!
Blork the orc is moderately wounded.
Blork the orc gestures at you while chanting.
The puff of flame misses you.
You shoot an arrow. The arrow hits Blork the orc.
Blork the orc is heavily wounded.
Blork the orc screams, "I'll eat your brain!
And then I'll vomit it back up!"
Blork the orc hits you with a +0 hand axe!
Blork the orc hits you but does no damage.
You shoot an arrow.
The arrow hits Blork the orc but does no damage.
Blork the orc is heavily wounded.
Blork the orc closely misses you.
Blork the orc screams, "I'll drink your blood!
Soon!"
Blork the orc casts a spell at you. The puff of flame hits you!
You shoot an arrow. The arrow hits Blork the orc.
Blork the orc is severely wounded.
Blork the orc hits you with a +0 hand axe!
Blork the orc gestures at you while chanting.
The puff of frost hits you!
You die...

# #...........#.#.
#)...#####..#.#.
##....#.# #..#.#.
#.......###..#.#.
#............#/##
#.#.###.....#.###.##.#
...................#.##
..###..^..#######....
#.@#####.........##
#...o## #######..##
#....#W ####%..##
#....+5. #.)..###
#....+._8 #.####
##...+.... #.#
##..#$.$.$#.#########
...##\8.##.)........
###########


You could see Blork the orc (fast), qw's ghost and a white imp.

Vanquished Creatures
  A scorpion (D:3)
  A hound (D:4)
  A jelly (D:4)
  3 adders (D:3)
  6 ball pythons
  7 endoplasms
  2 giant cockroaches
  4 goblins
  A hobgoblin (D:2)
  A jackal (D:3)
  8 kobolds
  3 quokkas
  4 bats
  2 frilled lizards
  A rat (D:1)
45 creatures vanquished.

Notes
Turn   | Place    | Note
-------+----------+-------------------------------------------
     0 | D:1      | qw the Deep Elf Hunter began the quest for the Orb.
     0 | D:1      | Reached XP level 1. HP: 12/12 MP: 3/3
     0 | D:1      | 0 ||| qw: Version: 0.3-a-22-g0ed2b0b
     0 | D:1      | 0 ||| qw: Game counter: 5926
     0 | D:1      | 0 ||| qw: Melee chars always use a shield: true
     0 | D:1      | 0 ||| qw: God list: Okawaru
     0 | D:1      | 0 ||| qw: Allow faded altars: false
     0 | D:1      | 0 ||| qw: Do Orc after clearing Dungeon:15 true
     0 | D:1      | 0 ||| qw: Do second Lair branch before Depths: true
     0 | D:1      | 0 ||| qw: Lair rune preference: random
     0 | D:1      | 0 ||| qw: Goals: Normal
     0 | D:1      | 0 ||| PLANNING D:1-11
   121 | D:1      | Reached XP level 2. HP: 16/16 MP: 4/4
   128 | D:1      | Reached skill level 6 in Ranged Weapons
   451 | D:1      | Found Rofoivoz's Book Shop.
   716 | D:1      | 716 ||| READING scroll labelled ZIFFOGHIOR.
   717 | D:1      | 717 ||| READING scroll labelled XIF TOHAACWIF.
   718 | D:1      | 718 ||| READING scroll labelled JYIMEO KINGIE.
   719 | D:1      | 719 ||| READING 2 scrolls labelled ANICVI WESOL.
   720 | D:1      | 720 ||| DROPPING scroll of butterflies.
   721 | D:1      | 721 ||| DROPPING scroll of immolation.
  1202 | D:2      | Reached XP level 3. HP: 20/20 MP: 5/5
  1337 | D:2      | 1337 ||| UPGRADING to ring of positive energy.
  1338 | D:2      | 1338 ||| UPGRADING to +6 ring of dexterity.
  1339 | D:2      | 1339 ||| READING 2 scrolls labelled ZACAFI GUYTIU.
  1344 | D:2      | 1344 ||| READING scroll labelled OCLU OTUXEDDU.
  1345 | D:2      | 1345 ||| DRINKING 2 amethyst potions.
  1345 | D:2      | Gained mutation: You have a beak for a mouth. [potion of
                  | mutation]
  1345 | D:2      | Gained mutation: Your system is resistant to poisons.
                  | (rPois) [potion of mutation]
  1345 | D:2      | Gained mutation: You are partially covered in iridescent
                  | scales. (AC +2) [potion of mutation]
  1510 | D:3      | Noticed a scorpion
  1516 | D:3      | Killed a scorpion
  1517 | D:3      | Reached skill level 7 in Ranged Weapons
  1517 | D:3      | Reached XP level 4. HP: 21/25 MP: 6/6
  1719 | D:3      | Reached skill level 3 in Dodging
  1985 | D:3      | 1985 ||| UPGRADING to +0 ring mail.
  1995 | D:3      | 1995 ||| DROPPING +0 leather armour.
  1996 | D:3      | 1996 ||| READING scroll of enchant armour.
  1996 | D:3      | 1996 ||| ENCHANTING +0 ring mail.
  1997 | D:3      | 1997 ||| UPGRADING to ring of protection from fire.
  1999 | D:3      | 1999 ||| READING scroll labelled QYHYRI UMNUIJA.
  1999 | D:3      | Identified a scroll of acquirement
  1999 | D:3      | 1999 ||| ACQUIRING ring of Nakuafen {MP+9 SInv}
  1999 | D:3      | Acquired the ring of Nakuafen {MP+9 SInv}
  2001 | D:3      | 2001 ||| UPGRADING to ring of Nakuafen {MP+9 SInv}.
  2067 | D:3      | 2067 ||| READING scroll labelled SYAMPYEGOT.
  2068 | D:3      | 2068 ||| READING scroll labelled ZUYCIX QAG.
  2069 | D:3      | 2069 ||| DRINKING 2 viscous white potions.
  2121 | D:4      | Reached skill level 8 in Ranged Weapons
  2235 | D:4      | Reached XP level 5. HP: 27/29 MP: 7/7
  2344 | D:4      | Found a runed translucent gate.
  2344 | D:4      | Found a runed translucent gate.
  2344 | D:4      | Found a runed translucent gate.
  2346 | D:4      | Found an opulent altar of Gozag.
  2346 | D:4      | Noticed qw's ghost (novice DEHu)
  2349 | D:4      | Noticed Blork the orc
  2359 | D:4      | HP: 3/29 [Blork the orc/+0 hand axe (7)]
  2359 | D:4      | Killed from afar by Blork the orc

Levels and vault maps discovered:
D:1:      shiori_angband_town, layout_loops_ring, serial_shops,
          nicolae_shop_advertising_works [nicolae_subvault_shop_adworks],
          minmay_misc_feat_nine_boxes
D:2:      layout_loops_ring
D:3:      cheibrodos_helix_gallery, layout_basic, roderic_roman_lattice
D:4:      layout_basic, ebering_ghost_gozag, uniq_blork_the_orc

Skill      XL: |  1  2  3  4 |
---------------+-------------+-----
Ranged Weapons | 6 7 8 |  8.6
Dodging        | 3 |  3.0
Fighting       | |  1.5
Stealth        | |  1.2

Action                     |  1- 3 |  4- 6 || total
---------------------------+-------+-------++-------
   Fire: Shortbow          |    70 |    58 ||   128
    Use: Scroll            |     6 |     4 ||    10
         Potion            |     1 |     1 ||     2
 Armour: Leather armour    |     2 |     1 ||     3
         Ring mail         |       |    14 ||    14
  Dodge: Dodged            |    12 |    23 ||    35

Table legend:
 A = Non-vault XP
 B = Vault XP
 C = Vault XP percentage of total XP
 D = Non-vault monster count
 E = Vault monster count
 F = Vault count percentage of total count
                 A         B        C        D         E       F
            +---------+---------+-------+---------+---------+-------
      Total |     253 |      16 |   5.9 |      43 |       2 |   4.4
            +---------+---------+-------+---------+---------+-------
        D:1 |      27 |       0 |   0.0 |      17 |       0 |   0.0
        D:2 |      16 |       0 |   0.0 |       9 |       0 |   0.0
        D:3 |     112 |      16 |  12.5 |       6 |       2 |  25.0
        D:4 |      98 |       0 |   0.0 |      11 |       0 |   0.0
            +---------+---------+-------+---------+---------+-------
